 Dungeon Crawl Stone Soup version 0.19-a0-1162-g527d089 (webtiles) character file.

88 PurpleRed the Chopper (level 4, -2/55 HPs)
             Began as a Human Berserker on Aug 13, 2016.
             Was a Follower of Trog.
             Slain by an ogre
             ... wielding a +0 giant spiked club
              (26 damage)
             ... on level 4 of the Dungeon.
             The game lasted 00:03:45 (583 turns).

PurpleRed the Chopper (Human Berserker)              Turns: 583, Time: 00:03:45

Health: -2/55      AC:  6    Str: 24    XL:     4   Next: 82%
Magic:  4/4        EV: 10    Int:  7    God:    Trog [*.....]
Gold:   42         SH:  0    Dex: 12    Spells: 0 memorised, 3 levels left

rFire  . . .     SeeInvis .     a - +0 hand axe
rCold  + . .     Gourm    .     d - +0 scale mail
rNeg   . . .     Faith    .     (no shield)
rPois  .         Spirit   .     (no helmet)
rElec  .         Dismiss  .     (no cloak)
rCorr  .         Reflect  .     (no gloves)
MR     ++...     Harm     .     (no boots)
Stlth  ..........               (no amulet)
                                (no ring)
                                j - ring of protection from cold

@: berserking, regenerating, glowing, very quick
A: no striking features
a: Berserk, Burn Spellbooks, Renounce Religion


You were on level 4 of the Dungeon.
You worshipped Trog.
Trog was aware of your devotion.
You were hungry.

You visited 1 branch of the dungeon, and saw 4 of its levels.

You collected 42 gold pieces.

Inventory:

Hand Weapons
 a - a +0 hand axe (weapon)
Missiles
 h - 31 arrows
 i - 3 javelins (quivered)
Armour
 d - a +0 scale mail (worn)
 k - a +0 helmet
Jewellery
 j - a ring of protection from cold (left hand)
Potions
 g - a potion of curing
Comestibles
 b - 2 chunks of flesh
 c - 4 bread rations
 f - 2 meat rations


   Skills:
 + Level 4.0 Fighting
 * Level 4.4 Axes
 - Level 2.0 Armour
 - Level 2.0 Dodging


You had 3 spell levels left.
You didn't know any spells.

Dungeon Overview and Level Annotations

Branches:
Dungeon (4/15)
 Temple: D:4-7

Altars:
Sif Muna

Annotations:
D:4 Dowan, Duvessa


Message History

You feel quite a bit more hungry.
You can no longer call upon Trog for regeneration and protection from hostile enchantments.
A red film seems to cover your vision as you go berserk!
You feel yourself moving faster!
You feel mighty!
You are feeling hungry.
You slash the ogre!
The ogre is moderately wounded.
You barely miss Duvessa.
The ogre hits you with a giant spiked club!
Duvessa hits you with a short sword.
You barely miss the ogre.
The ogre is moderately wounded.
You closely miss Duvessa.
You feel the effects of Trog's Hand fading.
Duvessa hits you with a short sword!
You slash the ogre!
The ogre is severely wounded.
You barely miss Dowan. You barely miss Duvessa.
The ogre hits you with a giant spiked club!!
You die...

#.......# #......)...
.# ###..####
#.§.....####.# #..#
##§§.....#....
#..#### #§...........
#.....# #............
##e##.# ##.....#÷....
#.#..+ ##..........
#.#..# #..........
#..e@# #.##.#.###.
###eO..............#.
#..###.............
...# ...##.#.#...
##..# .#. #.#.###.
#... . ....# ## #....
...### ##### .###


You could see Duvessa, an ogre and Dowan.

Vanquished Creatures
  An iguana (D:4)
  Natasha (D:2)
  An adder (D:4)
  An ooze (D:3)
  A worm (D:3)
  A giant gecko (D:2)
  3 orcs (D:3)
  2 giant cockroaches
  3 goblins
  A hobgoblin (D:2)
  A kobold (D:1)
  A bat (D:3)
  A giant newt (D:1)
  3 rats
21 creatures vanquished.

Notes
Turn   | Place    | Note
-------+----------+-------------------------------------------
     0 | D:1      | PurpleRed the Human Berserker began the quest for the Orb.
     0 | D:1      | Reached XP level 1. HP: 18/18 MP: 1/1
   172 | D:2      | Reached XP level 2. HP: 20/24 MP: 2/2
   202 | D:2      | Found a deep blue altar of Sif Muna.
   384 | D:2      | Noticed Natasha
   388 | D:2      | Noticed a crimson imp
   392 | D:2      | Killed Natasha
   392 | D:2      | Reached XP level 3. HP: 17/30 MP: 3/3
   444 | D:3      | Reached ** piety under Trog
   444 | D:3      | Reached XP level 4. HP: 27/37 MP: 4/4
   569 | D:4      | Noticed Duvessa
   569 | D:4      | Noticed Dowan
   576 | D:4      | Noticed an ogre
   583 | D:4      | Slain by an ogre

Vault maps used:
D:1:      dpeg_arrival_prison
D:2:      lemuel_blue_sif_altar, ashenzari_conservatory_becter,
          minmay_quantized, uniq_natasha
D:3:      first_bread, grunt_pakellas_mercury
D:4:      sigmund_army, uniq_duvessa

Skill      XL: |  1  2  3  4 |
---------------+-------------+-----
Axes           | 4 |  4.4
Fighting       | 4 |  4.0
Armour         | |  2.0
Dodging        | |  2.0

Action                   |  1- 3 |  4- 6 || total
-------------------------+-------+-------++-------
Melee: Hand axe          |    53 |    10 ||    63
Invok: Berserk           |     3 |     2 ||     5
       Trog's Hand       |       |     1 ||     1
  Use: Scroll            |       |     4 ||     4
  Eat: Chunk             |     1 |     2 ||     3
Armor: Scale mail        |    22 |     1 ||    23
Dodge: Dodged            |    36 |     5 ||    41
